 Dungeon Crawl Stone Soup version 0.31-a0-986-g5e6e4ef867 (webtiles) character file.

Game seed: 16072253977110063820

36 Fodor the Trooper (level 3, 0/33 HPs)
             Began as a Minotaur Fighter on Nov 21, 2023.
             Slain by Robin
             ... wielding a +0 club
              (2 damage)
             ... on level 2 of the Dungeon.
             The game lasted 00:07:48 (1253 turns).

Fodor the Trooper (Minotaur Fighter)                Turns: 1253, Time: 00:07:51

Health: 0/33       AC:  7    Str: 22    XL:     3   Next: 19%
Magic:  2/2        EV:  9    Int:  5    God:
Gold:   42         SH:  4    Dex:  9    Spells: 2/2 levels left

rFire   . . .        a - +0 war axe
rCold   . . .        c - +0 buckler
rNeg    . . .        b - +0 scale mail
rPois   .            (helmet restricted)
rElec   .            (no cloak)
rCorr   .            (no gloves)
SInv    .            (no boots)
Will    .....        (no amulet) Stlth
                     (no ring)
HPRegen 0.25/turn    (no ring)
MPRegen 0.08/turn

%: no passive effects
@: mighty, lethally poisoned (0 -> -2)
A: horns 2, retaliatory headbutt
a: no special abilities


You were on level 2 of the Dungeon.
You visited 1 branch of the dungeon, and saw 2 of its levels.

You collected 70 gold pieces.
You spent 28 gold pieces at shops.

Inventory:

Hand Weapons
 a - a +0 war axe (weapon)
Armour
 b - a +0 scale mail (worn)
 c - a +0 buckler (worn)
Scrolls
 f - a scroll of noise {unknown}
 i - a scroll of teleportation {unknown}
 j - a scroll of blinking {unknown}
 k - a scroll of torment {unknown}
 l - 3 scrolls of identify
 m - a scroll of enchant weapon {unknown}
Potions
 d - 2 potions of might
 e - a potion of heal wounds {unknown}
 g - a potion of attraction {unknown}
 h - a potion of brilliance {unknown}


   Skills:
 + Level 4.1 Fighting
 + Level 3.1 Axes
 + Level 4.0 Armour
 + Level 0.4 Dodging
 + Level 3.9 Shields


You had 2 spell levels left.
You didn't know any spells.
Your spell library was empty.

Dungeon Overview and Level Annotations

Branches:
Dungeon (2/15)

Altars:

Shops:
D:1 [(?

Annotations:
D:2 Robin


Innate Abilities, Weirdness & Mutations

You have a pair of horns on your head.
You reflexively headbutt those who attack you in melee.


Message History

Your experience leads to an increase in your attributes!
Increase (S)trength, (I)ntelligence, or (D)exterity?
You feel stronger. x2
You feel very mighty all of a sudden. You block the goblin's attack.
The goblin hits you but does no damage.
There are monsters nearby!
You closely miss the goblin. You headbutt the goblin.
You kill the goblin!
You slash the goblin!
You kill the goblin!
You block the goblin's attack.
You closely miss the goblin. The goblin hits you but does no damage.
You barely miss the goblin.
The goblin no longer looks unusually strong.
The hobgoblin no longer looks unusually strong.
The goblin hits you but does no damage.
You are lethally poisoned!
You slice the goblin!!
You kill the goblin!
* * * LOW HITPOINT WARNING * * *
You feel very sick.
Robin roars a battlecry!
The goblins go into a battle-frenzy!
The goblin barely misses you.
You slash the goblin!
You kill the goblin!
* * * LOW HITPOINT WARNING * * *
You feel sick.
You barely miss Robin. Your headbutt misses Robin.
* * * LOW HITPOINT WARNING * * *
You feel sick. Robin hits you but does no damage. Robin barely misses you.
You furiously retaliate!
You headbutt Robin. You closely miss Robin.
Robin is lightly wounded.
* * * LOW HITPOINT WARNING * * *
You feel sick.
A rat comes into view.
Robin hits you with a +0 club.
You die...
Robin lets out a smug laugh.

############
#..)@ggg.... ########
##.#######r..
.......#####.........
######.......#.######
# ##............ #
#.##..g<....# #
#.##.##.###.# #
#####.##.# g# .#
###...<.##.# $# #


You could see Robin, a hobgoblin (strong), a goblin (strong) and a rat.

Vanquished Creatures
  2 endoplasms (D:1)
  A giant cockroach (D:2)
  3 hobgoblins
  6 jackals
  A quokka (D:2)
  3 ball pythons
  A bat (D:2)
  3 frilled lizards
  8 goblins
  3 kobolds
  A rat (D:1)
32 creatures vanquished.

Notes
Turn   | Place    | Note
-------+----------+-------------------------------------------
     0 | D:1      | Fodor the Minotaur Fighter began the quest for the Orb.
     0 | D:1      | Reached XP level 1. HP: 19/19 MP: 0/0
   184 | D:1      | Reached XP level 2. HP: 22/27 MP: 1/1
   389 | D:1      | Found Buad's Antique Armour Shoppe.
   397 | D:1      | Found Reuskatz's Weapon Shop.
   452 | D:1      | Found Rafururgh's Magic Scroll Boutique.
   521 | D:1      | Bought a scroll of identify for 28 gold pieces
   857 | D:2      | Found a faded altar of an unknown god.
  1237 | D:2      | Noticed Robin
  1246 | D:2      | Reached XP level 3. HP: 10/33 MP: 2/2
  1253 | D:2      | Slain by Robin

Illustrated notes

Levels and vault maps discovered:
D:1:      dpeg_arrival_rooms_b, layout_basic, serial_shops,
          nicolae_shop_bloodbath_and_beyond, nicolae_shop_trees,
          nicolae_shop_waterfront
D:2:      layout_loops_ring, dilly_ecumenical_altar_fadedgnrine, uniq_robin

Skill      XL: |  1  2 |
---------------+-------+-----
Fighting       | 4 |  4.1
Armour         | 4 |  4.0
Axes           | 3 |  3.1
Dodging        | |  0.4
Shields        | |  3.9

Action                     || total
---------------------------++-------
  Melee: War axe           ||    60
         Headbutt          ||    12
    Use: Potion            ||     1
 Armour: Scale mail        ||    50
  Dodge: Dodged            ||    31
  Block: Buckler           ||    14

Table legend: (Time is in decaauts)
 A = Elapsed time spent in this place.
 B = Non-inter-level travel time spent in this place.
 C = Inter-level travel time spent in this place.
 D = Time resting spent in this place.
 E = Time spent auto-exploring this place.
 F = Levels seen in this place.
 G = Mean time per level.
                   A        B        C        D        E       F      G
               +--------+--------+--------+--------+--------+-----+--------+
         Total |   1277 |   1229 |     48 |      0 |      0 |   2 |  638.5 |
       Dungeon |   1277 |   1229 |     48 |      0 |      0 |   2 |  638.5 |
               +--------+--------+--------+--------+--------+-----+--------+

Top non-repeatable levels by time:
     D:1: 747 daAuts
     D:2: 529 daAuts
